 Dungeon Crawl Stone Soup version 0.27.1-3-gb3d3a73c9e (webtiles) character file.

Game seed: 13676471458518554947

10166 IPicuous the Cleaver (level 11, -1/97 HPs)
             Began as a Minotaur Berserker on Oct 9, 2021.
             Was a Priest of Trog.
             Succumbed to a red devil's poison
             ... on level 10 of the Dungeon.
             The game lasted 00:26:20 (11282 turns).

IPicuous the Cleaver (Minotaur Berserker)          Turns: 11282, Time: 00:26:21

Health: -1/97      AC: -1    Str: 29    XL:     11   Next: 32%
Magic:  10/10      EV:  5    Int:  2    God:    Trog [***...]
Gold:   541        SH: 17    Dex: 12    Spells: 10/10 levels left

rFire    . . .     SeeInvis .   I - +4 hand axe "Byduat" {flame, +Rage rN+ Str+4 Dex+2}
rCold    + . .     Faith    .   C - +0 tower shield
rNeg     + . .     Spirit   .   f - +0 plate armour
rPois    .         Reflect  .   (helmet restricted)
rElec    .         Harm     .   (no cloak)
rCorr    .         Rampage  .   (no gloves)
Will     ++...                  (no boots)
Stlth    ..........             (no amulet)
HPRegen  1.26/turn              d - ring of protection from cold
MPRegen  0.12/turn              (no ring)

@: lethally poisoned (-1 -> -4), strong-willed, corroded, on berserk cooldown,
regenerating, slowed, very slow
A: horns 2, retaliatory headbutt, deformed body, dopey 1
a: Renounce Religion, Evoke Berserk Rage, Berserk, Trog's Hand


You were on level 10 of the Dungeon.
You worshipped Trog.
Trog was most pleased with you.
You visited 1 branch of the dungeon, and saw 9 of its levels.

You collected 541 gold pieces.

Inventory:

Hand Weapons
 I - the +4 hand axe "Byduat" (weapon) {flame, +Rage rN+ Str+4 Dex+2}
   (You found it on level 10 of the Dungeon)

   It burns those it strikes, dealing additional fire damage.
   Big, fiery blades are also staple armaments of hydra-hunters.
   Str:       It affects your strength (+4).
   Dex:       It affects your dexterity (+2).
   rN:        It protects you from negative energy.
   +Rage:     It lets you go berserk.
Missiles
 E - 3 throwing nets (quivered)
Armour
 f - a +0 plate armour (worn)
 z - a +0 buckler of positive energy
 C - a +0 tower shield (worn)
 H - a +4 plate armour
Jewellery
 d - a ring of protection from cold (left hand)
 F - an amulet of magic regeneration
Wands
 w - a wand of polymorph (7)
 y - a wand of flame (11)
 A - a wand of mindburst (3)
Scrolls
 c - 2 scrolls of vulnerability {unknown}
 e - 3 scrolls of blinking {unknown}
 g - 3 scrolls of fear {unknown}
 h - a scroll of torment {unknown}
 i - 7 scrolls of identify {unknown}
 j - 5 scrolls of teleportation {unknown}
 l - 5 scrolls of amnesia {unknown}
 n - 2 scrolls of fog {unknown}
 p - a scroll of acquirement {unknown}
 q - 2 scrolls of summoning {unknown}
 r - a scroll of holy word {unknown}
 s - a scroll of immolation {unknown}
 B - a scroll of brand weapon {unknown}
Potions
 a - 2 potions of resistance {unknown}
 b - a potion of lignification {unknown}
 k - 3 potions of might {unknown}
 m - a potion of mutation {unknown}
 o - 3 potions of haste {unknown}
 t - 2 potions of cancellation {unknown}
 u - 3 potions of curing {unknown}
 v - a potion of degeneration {unknown}
 x - 2 potions of heal wounds {unknown}
 D - a potion of flight {unknown}
 G - a potion of brilliance {unknown}


   Skills:
 + Level 9.3 Fighting
 + Level 13.1 Axes
 + Level 12.5 Armour
 + Level 3.8 Dodging
 + Level 1.4 Stealth
 + Level 6.1 Shields


You had 10 spell levels left.
You didn't know any spells.
Your spell library was empty.

Dungeon Overview and Level Annotations

Branches:
Dungeon (10/15)            Temple (0/1) D:5            Lair (0/6) D:10
    Orc: D:9-12

Altars:
Dithmenos
Fedhas
Uskayaw
Vehumet

Shops:
D:9 =[*=?

Annotations:
D:10 exclusion: obsidian statue


Innate Abilities, Weirdness & Mutations

You have a pair of horns on your head.
You reflexively headbutt those who attack you in melee.
Armour fits poorly on your strangely shaped body.
You are dopey. (Int -2)


Message History

You feel your anger nearly subside.
You are no longer berserk.
You are exhausted.
You feel yourself slow down.
You feel sick. You block the ufetubus's attack. x2
You block the rust devil's attack.
You feel very sick. You block the ufetubus's attack. The ufetubus hits you.
* * * LOW HITPOINT WARNING * * *
You block the ufetubus's attack. x2; The red devil barely misses you.
You feel sick.
The obsidian statue slips into the dungeon's darkness for a moment.
The obsidian statue's eyes glow briefly.
The crimson imp blinks!
You feel sick.
You feel sick.
The crimson imp hits you but does no damage.
The rust devil barely misses you.
The crimson imp hits you but does no damage.
Your skin crawls.
You feel strong-willed.
You feel sick.
The crimson imp blinks!
You block the rust devil's attack.
You feel sick.
You are no longer poisoned.
The red devil hits you from afar with a +1 demon trident of venom!
* * * LOW HITPOINT WARNING * * *
You are poisoned.
You block the crimson imp's attack. You block the rust devil's attack.
You hit the crimson imp but do no damage.
You headbutt the crimson imp!
The crimson imp is severely wounded.
You hit the rust devil but do no damage.
You feel very sick. You block the red devil's attack.
You block the crimson imp's attack. The rust devil hits you!
* * * LOW HITPOINT WARNING * * *
The rust devil corrodes you!
You hit the crimson imp but do no damage.
Your headbutt misses the crimson imp.
The crimson imp is severely wounded.
You hit the rust devil but do no damage.
You die...

#.(###(.....#.......##..
##.|.$......#.......#...
##.........#.......'...
#..#......##'#######..
#.......$..........#..
#...55........[....#..
#..##44...[####....+..
#..##4.....# #....###
#..##@.....# #.......
#..##5.....# #......#
#..##...^..####......#
#..##................#
#..##.>...###'#####...
#..##.....#.......#...
#.........#.......####
#.........#...........
#..######.#...........


You could see an ice devil (summoned), a rust devil (summoned), a red devil
(summoned), an iron imp (summoned), a crimson imp (summoned) and an ufetubus
(summoned).

Vanquished Creatures
  Snorg (D:10)
  Harold (D:10)
  A centaur warrior (D:10)
  2 two-headed ogres
  Urug (D:10)
  A komodo dragon (D:10)
  3 trolls (D:10)
  Prince Ribbit (D:7)
  A shadow (D:9)
  A wraith (D:6)
  7 yaks (D:10)
  2 wyverns
  A steam dragon (D:9)
  Menkaure (D:7)
  An acid dragon (D:10)
  2 water moccasins (D:7)
  An orc warrior (D:10)
  A sky beast (D:6)
  An ice beast (D:6)
  A black bear (D:7)
  A necrophage (D:6)
  4 centaurs
  3 kobold brigands
  2 bullfrogs
  2 wyvern skeletons (D:6)
  3 scorpions
  A water moccasin skeleton (D:5)
  10 wights
  2 howler monkeys (D:9)
  A bullfrog zombie (D:6)
  3 centaur zombies
  A jelly (D:6)
  2 centaur skeletons
  2 bullfrog skeletons
  4 hounds (D:5)
  4 orc priests
  5 iguanas
  4 orc wizards
  A killer bee zombie (D:9)
  A hound zombie (D:5)
  3 howler monkey zombies
  8 gnolls
  7 adders
  An ufetubus (D:5)
  3 worms
  11 orcs
  A ball python (D:2)
  3 bats (D:2)
  3 giant cockroaches
  4 goblins
  3 hobgoblins (D:1)
  19 kobolds
  5 quokkas
  2 frilled lizards
  8 rats
168 creatures vanquished.

Vanquished Creatures (others)
  4 fungi (D:10)
  7 plants
  4 toadstools (D:1)
15 creatures vanquished.

Grand Total: 183 creatures vanquished

Notes
Turn   | Place    | Note
-------+----------+-------------------------------------------
     0 | D:1      | IPicuous the Minotaur Berserker began the quest for the
                  | Orb.
     0 | D:1      | Reached XP level 1. HP: 19/19 MP: 0/0
   165 | D:1      | Found a faded altar of an unknown god.
   347 | D:1      | Reached XP level 2. HP: 27/27 MP: 1/1
   794 | D:2      | Reached skill level 4 in Axes
   906 | D:2      | Reached XP level 3. HP: 25/33 MP: 2/2
  1116 | D:2      | Reached ** piety under Trog
  1696 | D:3      | Reached XP level 4. HP: 41/41 MP: 3/3
  1819 | D:3      | You fall into a shaft and drop 3 floors!
  1819 | D:6      | Noticed an ice beast
  1825 | D:6      | Noticed a scorpion
  1827 | D:6      | Reached skill level 5 in Axes
  1831 | D:6      | Killed an ice beast
  1832 | D:6      | Reached XP level 5. HP: 47/47 MP: 4/4
  1835 | D:6      | Reached skill level 6 in Axes
  1836 | D:6      | Noticed a sky beast
  1846 | D:6      | Killed a sky beast
  1847 | D:6      | Reached skill level 5 in Fighting
  1847 | D:6      | Reached XP level 6. HP: 56/56 MP: 5/5
  1964 | D:6      | Reached skill level 5 in Armour
  2115 | D:6      | Found a shadowy altar of Dithmenos.
  2130 | D:6      | Reached skill level 7 in Axes
  2194 | D:6      | Reached XP level 7. HP: 61/61 MP: 6/6
  2285 | D:6      | Found a radiant altar of Vehumet.
  2362 | D:6      | Reached skill level 8 in Axes
  2406 | D:6      | Noticed a wraith
  2415 | D:6      | Killed a wraith
  2485 | D:6      | Reached XP level 8. HP: 70/70 MP: 7/7
  2499 | D:6      | Reached skill level 9 in Axes
  2655 | D:6      | Reached *** piety under Trog
  2777 | D:5      | Entered Level 5 of the Dungeon
  2780 | D:5      | Identified the +3 leather armour of Imperfection {rPois
                  | Will+ Str+4}
  3413 | D:5      | Found a staircase to the Ecumenical Temple.
  4207 | D:7      | Found a blossoming altar of Fedhas.
  4218 | D:7      | Reached skill level 10 in Axes
  4748 | D:7      | Reached XP level 9. HP: 76/78 MP: 8/8
  4771 | D:7      | Noticed Prince Ribbit
  4793 | D:7      | Killed Prince Ribbit
  4930 | D:7      | Noticed Menkaure
  4939 | D:7      | Killed Menkaure
  5228 | D:7      | Reached skill level 11 in Axes
  5825 | D:7      | Reached skill level 1 in Stealth
  5998 | D:8      | Reached **** piety under Trog
  6218 | D:8      | Noticed a two-headed ogre
  6229 | D:8      | Killed a two-headed ogre
  6230 | D:8      | Reached skill level 10 in Armour
  7027 | D:9      | Found Vyboreu's Jewellery Emporium.
  7105 | D:9      | Found Rouwn's Jewellery Shop.
  7110 | D:9      | Found Ciat's Magic Scroll Shoppe.
  7203 | D:9      | Noticed a two-headed ogre
  7211 | D:9      | Reached skill level 1 in Shields
  7211 | D:9      | Reached XP level 10. HP: 88/88 MP: 9/9
  7214 | D:9      | Killed a two-headed ogre
  7340 | D:9      | Found Zecum's Antique Armour Shoppe.
  7668 | D:9      | Found Xazelot's General Store.
  7732 | D:9      | Found a hide-covered altar of Uskayaw.
  7840 | D:9      | Reached skill level 12 in Axes
  8122 | D:10     | Entered Level 10 of the Dungeon
  8122 | D:10     | Found a flagged portal.
  8295 | D:10     | Noticed Harold
  8309 | D:10     | Killed Harold
  8960 | D:10     | Found a staircase to the Lair.
  9346 | D:10     | Identified the +0 quarterstaff of Awkwardness {vorpal,
                  | rPois Str+2 Dex-5 SInv}
  9358 | D:10     | Noticed Snorg
  9376 | D:10     | Killed Snorg
  9377 | D:10     | Reached skill level 5 in Shields
  9377 | D:10     | Reached XP level 11. HP: 70/97 MP: 10/10
  9527 | D:10     | Noticed an obsidian statue
  9732 | D:10     | Noticed a centaur warrior
  9747 | D:10     | Killed a centaur warrior
  9948 | D:10     | Reached skill level 13 in Axes
  9996 | D:10     | Noticed Urug
 10012 | D:10     | Killed Urug
 10464 | D:10     | Gained mutation: You are dopey. (Int -2) [a neqoxec]
 10465 | D:10     | Gained mutation: Armour fits poorly on your strangely
                  | shaped body. [a neqoxec]
 10916 | D:10     | Identified the +4 hand axe "Byduat" {flame, +Rage rN+ Str+4
                  | Dex+2}
 11281 | D:10     | HP: 1/97 [rust devil[an obsidian statue] (8)]
 11282 | D:10     | Succumbed to a red devil's poison

Illustrated notes

Levels and vault maps discovered:
D:1:      ldierk_walled_garden_2, layout_basic,
          shapermc_ecumenical_altar_mp_ritualfount
D:2:      layout_basic, minmay_misc_feat_ornament
D:3:      layout_basic, serial_bayou_pond_d
D:5:      layout_basic, minmay_temple_entry_antechambers
D:6:      layout_loops_ring, mainiacjoe_overflow_small_starburst,
          kennysheep_mini, kennysheep_generic_room_2
D:7:      layout_gridville, fedhas_altar_3, hangedman_abyss_or_decor_passed,
          uniq_prince_ribbit1, uniq_menkaure
D:8:      layout_gridville
D:9:      layout_rooms, nicolae_uskayaw_dance_studio, serial_shops,
          kennysheep_little_box, nicolae_stop_n_shop_1,
          nicolae_inconvenience_store, shop, nicolae_stop_n_shop_2,
          minmay_misc_feat_enclosed
D:10:     layout_stronghold, grunt_lair_entry_orc_guard_hut, enter_bailey_2,
          minmay_protected_statue, uniq_harold, uniq_snorg, uniq_urug

Skill      XL: |  1  2  3  4  5  6  7  8  9 10 11 |
---------------+----------------------------------+-----
Fighting       | 4 5 6 8 9 |  9.3
Axes           | 4 5 6 7 8 10 11 12 13 | 13.1
Armour         | 3 4 5 6 7 10 12 | 12.5
Dodging        | 3 |  3.8
Stealth        | 1 |  1.4
Shields        | 1 5 6 |  6.1

Action                   |  1- 3 |  4- 6 |  7- 9 | 10-12 || total
-------------------------+-------+-------+-------+-------++-------
Melee: Hand axe          |    84 |    55 |   220 |     4 ||   363
       Headbutt          |    17 |    12 |    56 |    28 ||   113
       War axe           |       |       |    32 |   144 ||   176
Invok: Berserk           |     2 |     2 |    16 |    17 ||    37
       Trog's Hand       |       |     1 |     2 |     3 ||     6
Armor: Animal skin       |     2 |       |       |       ||     2
       Plate armour      |    41 |    36 |   160 |    85 ||   322
Dodge: Dodged            |    36 |    14 |    95 |    35 ||   180
Block: Tower shield      |       |       |    20 |   171 ||   191
